 Dungeon Crawl Stone Soup version 0.30-a0-4-ga7cffc901d (webtiles) character file.

Game seed: 11395301740657858032

1367 slphil the Vexing (level 8, -2/43 (48) HPs)
             Began as a Kobold Enchanter on Aug 21, 2022.
             Slain by a wight
             ... wielding a +3 long sword
              (3 damage)
             ... on level 6 of the Dungeon.
             The game lasted 00:18:03 (6436 turns).

slphil the Vexing (Kobold Enchanter)                Turns: 6436, Time: 00:18:03

HP:   -2/43 (48)    AC:  9    Str:  5    XL:     8   Next: 97%
MP:   12/12         EV: 30    Int: 19    God:
Gold: 105           SH:  0    Dex: 15    Spells: 5/13 levels left

rFire   . . .      SeeInvis .    a - +1 rapier (speed)
rCold   . . .      Faith    .    (no shield)
rNeg    . . .      Spirit   .    b - +0 robe
rPois   .          Reflect  .    s - +0 helmet
rElec   .          Harm     .    (no cloak)
rCorr   .          Rampage  .    g - +1 pair of gloves
Will    .....                    (no boots)
Stlth   ++++......               f - amulet of the acrobat
HPRegen 0.14/turn                d - +4 ring of protection
MPRegen 0.13/turn                (no ring)

@: acrobatic, heavily drained
A: small, no large weapons, nightstalker 3
a: no special abilities


You were on level 6 of the Dungeon.
You visited 1 branch of the dungeon, and saw 6 of its levels.

You collected 287 gold pieces.
You spent 182 gold pieces at shops.

Inventory:

Hand Weapons
 a - a +1 rapier of speed (weapon)
 r - a +1 dagger
 u - a +1 dagger of flaming
Armour
 b - a +0 robe (worn)
 g - a +1 pair of gloves (worn)
 m - a +2 ring mail of cold resistance
 s - a +0 helmet (worn)
Jewellery
 d - a +4 ring of protection (left hand)
 f - an amulet of the acrobat (around neck)
 l - an amulet of guardian spirit
Wands
 q - a wand of flame (12)
Scrolls
 h - a scroll of noise {unknown}
 i - a scroll of summoning {unknown}
 j - 2 scrolls of immolation
 o - a scroll of enchant armour {unknown}
 t - a scroll of brand weapon {unknown}
Potions
 c - a potion of invisibility
 e - 2 potions of curing
 k - a potion of haste
 n - 3 potions of heal wounds
 p - 3 potions of flight


   Skills:
 * Level 4.0 Fighting
 - Level 5.0 Short Blades
 - Level 2.7 Dodging
 - Level 4.2 Stealth
 - Level 3.0 Spellcasting
 + Level 6.6 Hexes
 + Level 5.7 Ice Magic


You had 5 spell levels left.
You knew the following spells:

 Your Spells              Type           Power      Damage    Failure   Level
a - Ensorcelled Hibernat  Hex/Ice        52%        N/A       1%          2
b - Tukima's Dance        Hex            28%        N/A       3%          3
c - Frozen Ramparts       Ice            48%        1d8       4%          3

Your spell library contained the following spells:

 Spells                   Type           Power      Damage    Failure   Level
 Confusing Touch          Hex            28%        N/A       3%          3
 Dazzling Flash           Conj/Hex       30%        N/A       12%         3
 Magic Dart               Conj           8%         1d3       16%         1
 Searing Ray              Conj           4%         2d4       22%         2
 Sublimation of Blood     Necr           2%         N/A       22%         2
 Anguish                  Hex/Necr       7%         N/A       36%         4
 Fulminant Prism          Conj/Hex       7%         3d7       36%         4
 Gell's Gravitas          Tloc           2%         N/A       41%         3
 Ignite Poison            Fire/Tmut/Pois 2%         N/A       41%         3
 Mephitic Cloud           Conj/Pois/Air  2%         N/A       41%         3
 Spider Form              Tmut/Pois      2%         N/A       41%         3
 Stone Arrow              Conj/Erth      4%         3d7       41%         3
 Teleport Other           Tloc           2%         N/A       41%         3
 Ice Form                 Ice/Tmut       13%        N/A       43%         4
 Summon Ice Beast         Ice/Summ       13%        N/A       43%         4
 Animate Armour           Summ/Erth      4%         N/A       83%         4
 Petrify                  Tmut/Erth      2%         N/A       83%         4
 Freezing Cloud           Conj/Ice/Air   5%         6-21      89%         5
 Irradiate                Conj/Tmut      1%         3d12      99%         5
 Dispersal                Tloc           1%         N/A       100%        6
 Lehudib's Crystal Spear  Conj/Erth      1%         10d2      100%        8


Dungeon Overview and Level Annotations

Branches:
Dungeon (6/15)
 Temple: D:4-7

Altars:
Ashenzari
Dithmenos
Kikubaaqudgha
Makhleb

Shops:
D:3 *   D:6 (:

Annotations:
D:6 Sigmund


Innate Abilities, Weirdness & Mutations

You are small and have problems with some larger weapons.
You are completely attuned to the shadows.


Message History

You barely miss the wight.
The wight hits you from afar with a +0 spear!
The wight misses you.
You hit the wight but do no damage. You hit the wight.
The wight is lightly damaged.
The wight barely misses you. The wight closely misses you.
You closely miss the wight.
The wight is lightly damaged.
The wight misses you. The wight hits you but does no damage.
You puncture the wight!
The wight is heavily damaged.
You hit the wight.
The wight is severely damaged.
The wight hits you with a +3 long sword!
The wight hits you from afar with a +0 spear.
You feel drained.
You hit the wight.
The wight is almost destroyed.
The wight closely misses you. The wight barely misses you. x2
You hit the wight.
The wight is almost destroyed.
You barely miss the wight.
The wight is almost destroyed.
The wight hits you from afar with a +0 halberd!
The wight hits you with a +3 long sword!
* * * LOW HITPOINT WARNING * * *
You feel drained.
* * * LOW HITPOINT WARNING * * *
The wight hits you but does no damage.
As you read the scroll labelled JEEXEY KICI, it crumbles to dust.
The creatures around you are filled with an inner flame!
It was a scroll of immolation.
The wight barely misses you. The wight hits you but does no damage.
Unknown command.
The wight attacks as you move away!
The wight hits you with a +3 long sword!
* * * LOW HITPOINT WARNING * * *
You feel drained.
You die...

#.......# ......# ..
#.......#
......####.#.
#.......#
#####........#
#..:...!#
#.....#####..#
#.......#####...#'#
..
###....z......).#.#
. #.............#.#
#.......$.z.z.#∩###
#.........z.@.≈.#.#.
#..........∩.#≈.#@..
........##<##..
........##.# ..
.......##.#
.......#+#


You could see 3 wights.

Vanquished Creatures
  Edmund (D:4)
  A water moccasin (D:5)
  A black bear (D:5)
  2 ice beasts (D:5)
  2 ogres (D:5)
  Blork the orc (D:4)
  A necrophage (D:5)
  3 scorpions
  A wight (D:6)
  3 hounds (D:5)
  An iguana (D:5)
  3 orc wizards
  Robin (D:4)
  An adder (D:3)
  4 gnolls (D:5)
  A worm (D:5)
  9 orcs
  7 endoplasms
  4 giant cockroaches
  11 goblins
  13 hobgoblins
  7 jackals
  A quokka (D:5)
  4 ball pythons
  5 bats
  4 frilled lizards (D:2)
  7 kobolds
  3 rats
102 creatures vanquished.

Vanquished Creatures (others)
  A dancing weapon (D:5)
1 creature vanquished.

Grand Total: 103 creatures vanquished

Notes
Turn   | Place    | Note
-------+----------+-------------------------------------------
     0 | D:1      | slphil the Kobold Enchanter began the quest for the Orb.
     0 | D:1      | Reached XP level 1. HP: 10/10 MP: 3/3
   297 | D:1      | Reached XP level 2. HP: 15/15 MP: 5/5
  1117 | D:1      | Learned a level 2 spell: Ensorcelled Hibernation
  1185 | D:2      | Reached XP level 3. HP: 19/19 MP: 6/6
  1956 | D:3      | Found Goodask's General Store.
  2193 | D:3      | Reached skill level 1 in Ice Magic
  2193 | D:3      | Reached XP level 4. HP: 24/24 MP: 8/8
  2297 | D:3      | Learned a level 3 spell: Tukima's Dance
  2301 | D:3      | Learned a level 3 spell: Frozen Ramparts
  2334 | D:3      | Found a faded altar of an unknown god.
  2466 | D:4      | Noticed Blork the orc
  2470 | D:4      | Killed Blork the orc
  2471 | D:4      | Reached XP level 5. HP: 28/28 MP: 9/9
  2484 | D:4      | Reached skill level 4 in Hexes
  2500 | D:4      | Reached XP level 6. HP: 32/32 MP: 10/10
  2614 | D:4      | Noticed Edmund
  2621 | D:4      | Killed Edmund
  2818 | D:4      | Noticed Robin
  2827 | D:4      | Killed Robin
  2833 | D:4      | Reached skill level 5 in Hexes
  3171 | D:4      | Reached XP level 7. HP: 20/36 MP: 0/11
  3914 | D:5      | Entered Level 5 of the Dungeon
  4087 | D:5      | Noticed a water moccasin
  4093 | D:5      | Killed a water moccasin
  4205 | D:5      | Reached skill level 6 in Hexes
  4205 | D:5      | Reached skill level 5 in Ice Magic
  4333 | D:5      | Reached skill level 1 in Fighting
  4333 | D:5      | Reached XP level 8. HP: 19/43 MP: 12/12
  4777 | D:5      | Found a broken altar of Ashenzari.
  4783 | D:5      | Found a shadowy altar of Dithmenos.
  4784 | D:5      | Found an ancient bone altar of Kikubaaqudgha.
  4788 | D:5      | Found a burning altar of Makhleb.
  5534 | D:5      | Reached skill level 5 in Short Blades
  6356 | D:6      | Noticed Sigmund
  6356 | D:6      | Found Zereuf's Book Emporium.
  6358 | D:6      | Found Pidy's Antique Weapon Shoppe.
  6418 | D:6      | Bought a glowing rapier for 182 gold pieces
  6436 | D:6      | HP: 1/45 [wight/+3 long sword (9)]
  6436 | D:6      | Slain by a wight

Illustrated notes

Levels and vault maps discovered:
D:1:      minmay_arrival_three_doors, layout_loops_ring
D:2:      layout_loops_ring
D:3:      layout_basic, serial_shops, shop, chequers_ecumenical_altar_simple,
          nicolae_kite_square_tiling_tiny
D:4:      layout_loops_corners, uniq_robin, uniq_blork_the_orc, uniq_edmund
D:5:      layout_layer_cave, minitemple
D:6:      layout_basic, nicolae_qazlal_general_emergency,
          nicolae_uskayaw_murder_on_the_dancefloor, okawaru_ov_weapons_minmay,
          gammafunk_ghost_nasty_kobolds, serial_shops,
          nicolae_shop_window_shopping, shop, shop, shop_statue,
          nicolae_shop_hallway_stairs, uniq_sigmund

Skill      XL: |  1  2  3  4  5  6  7  8 |
---------------+-------------------------+-----
Short Blades   | 2 3 5 |  5.0
Ice Magic      | 1 2 3 4 5 |  5.7
Spellcasting   | 3 |  3.0
Hexes          | 4 5 6 |  6.6
Fighting       | 1 4 |  4.0
Dodging        | |  2.7
Stealth        | |  4.2

Action                   |  1- 3 |  4- 6 |  7- 9 || total
-------------------------+-------+-------+-------++-------
Melee: Dagger            |    89 |    49 |   154 ||   292
       Punch             |     2 |       |     1 ||     3
       Rapier            |       |       |    11 ||    11
 Cast: Ensorcelled Hiber |       |     8 |    16 ||    24
       Frozen Ramparts   |       |     4 |     5 ||     9
       Tukima's Dance    |       |     1 |     3 ||     4
Evoke: Wand              |       |     1 |     2 ||     3
  Use: Potion            |     1 |       |     1 ||     2
       Scroll            |       |       |     5 ||     5
 Stab: Sleeping          |    23 |     8 |    13 ||    44
       Invisible         |     3 |       |     1 ||     4
       Distracted        |       |     1 |       ||     1
Armor: Robe              |    26 |     7 |    35 ||    68
Dodge: Dodged            |    64 |    26 |   122 ||   212

Table legend: (Time is in decaauts)
 A = Elapsed time spent in this place.
 B = Non-inter-level travel time spent in this place.
 C = Inter-level travel time spent in this place.
 D = Time resting spent in this place.
 E = Time spent auto-exploring this place.
 F = Levels seen in this place.
 G = Mean time per level.
                   A        B        C        D        E       F      G
               +--------+--------+--------+--------+--------+-----+--------+
         Total |   6387 |   6194 |    193 |   1159 |   4087 |   6 | 1064.5 |
       Dungeon |   6387 |   6194 |    193 |   1159 |   4087 |   6 | 1064.5 |
               +--------+--------+--------+--------+--------+-----+--------+

Top non-repeatable levels by time:
     D:5: 2396 daAuts
     D:4: 1522 daAuts
     D:1: 1093 daAuts
     D:2: 729 daAuts
     D:3: 551 daAuts
     D:6: 94 daAuts
